 Dungeon Crawl Stone Soup version 0.31.0-11-ge490571c62 (webtiles) character file.

Game seed: 10925864598022687089

65 qw the Ducker (level 3, -11/18 HPs)
             Began as a Spriggan Hunter on Feb 4, 2024.
             Mangled by a hornet (12 damage)
             ... on level 4 of the Dungeon.
             The game lasted 00:00:08 (2337 turns).

qw the Ducker (Spriggan Hunter)                     Turns: 2337, Time: 00:00:09

Health: -11/18     AC:  2    Str:  7    XL:     3   Next: 92%
Magic:  4/4        EV: 22    Int: 10    God:
Gold:   34         SH:  0    Dex: 26    Spells: 2/2 levels left

rFire   . . .        a - +0 shortbow
rCold   . . .        (shield currently unavailable)
rNeg    . . .        c - +0 robe
rPois   .            (helmet restricted)
rElec   .            b - scarf {repulsion}
rCorr   .            (gloves unavailable)
SInv    +            (boots unavailable)
Will    .....        (no amulet)
Stlth   ++           l - +6 ring of dexterity
HPRegen 0.23/turn    (no ring)
MPRegen 0.09/turn

%: repel missiles
@: lethally poisoned (-11 -> -15), very quick
A: very small, no large weapons, unfitting armour, see invisible, speed 3
a: no special abilities


You were on level 4 of the Dungeon.
You visited 1 branch of the dungeon, and saw 4 of its levels.

You collected 133 gold pieces.
You spent 99 gold pieces at shops.


Innate Abilities, Weirdness & Mutations

You are very small and have problems with some larger weapons.
You are too small for most types of armour.
You have supernaturally acute eyesight. (SInv)
You cover ground extremely quickly. (Speed+++)


   Skills:
 - Level 1.5 Fighting
 + Level 4.4 Ranged Weapons
 - Level 5.1 Dodging
 - Level 1.5 Stealth


You had 2 spell levels left.
You didn't know any spells.
Your spell library was empty.

Inventory:

Hand Weapons
 a - a +0 shortbow (weapon)
Armour
 b - a scarf of repulsion (worn)
 c - a +0 robe (worn)
 e - a +0 cloak
Jewellery
 l - a +6 ring of dexterity (left hand)
Potions
 d - a potion of cancellation {unknown}
 f - a potion of berserk rage {unknown}
 g - a potion of mutation {unknown}
 m - a potion of curing

Dungeon Overview and Level Annotations

Branches:
Dungeon (4/15)
 Temple: D:4-7

Altars:
Elyvilon
Trog
Uskayaw
Xom

Shops:
D:4 [[

Portals:
Abyss: D:4

Annotations:
D:3 3 runed translucent doors, qw's ghost, amateur DEHu; qw's ghost, amateur SpHu
D:4 2 transporters, qw's ghost, amateur DEHu


Message History

The hornet buzzes angrily.
The hornet is lightly wounded.
You shoot an arrow. The arrow closely misses the hornet.
You shoot an arrow. The arrow barely misses the hornet.
You shoot an arrow.
The arrow hits the hornet but does no damage.
The hornet is lightly wounded.
The hornet misses you.
You shoot an arrow. The arrow hits the hornet.
The hornet is moderately wounded.
The hornet completely misses you. The hornet closely misses you.
You shoot an arrow. The arrow barely misses the hornet.
The hornet closely misses you. The hornet misses you.
You shoot an arrow. The arrow closely misses the hornet.
The hornet stings you.
You feel yourself slow down. The hornet completely misses you.
You shoot an arrow.
The arrow hits the hornet but does no damage.
The hornet is moderately wounded.
You hear the slow hiss of a very distant avalanche of sand.
You feel yourself speed up. The hornet barely misses you.
The hornet stings you!
Ouch! That really hurt!
You feel yourself slow down.
2335 ||| DRINKING potion of heal wounds.
You feel much better. The hornet completely misses you.
The hornet barely misses you. The hornet stings you!
You are lethally poisoned!
You feel as though you will be slow longer.
You shoot an arrow. The arrow hits the hornet.
The hornet is moderately wounded.
You feel very sick. The hornet closely misses you.
The hornet barely misses you.
You shoot an arrow. The arrow closely misses the hornet.
You feel yourself speed up.
You feel very sick. The hornet stings you!
Ouch! That really hurt!
You die...

#....# #....#
#....# #....#
#....# #....#
#...y+ #...@# #
### ####....#####
#
##..##..7........#
#
#................#
#
#......7\7###....#
# #........#
#....# #
#.......7# #....#
######+###..#
#...~~~
.....#..##..#
#...~###


You could see a hornet.

Vanquished Creatures
  2 adders (D:2)
  A ribbon worm (D:2)
  A dart slug (D:1)
  4 ball pythons
  4 endoplasms
  2 giant cockroaches
  2 goblins
  3 hobgoblins
  7 jackals
  A bat (D:1)
  2 frilled lizards
  7 kobolds
  2 rats
38 creatures vanquished.

Notes
Turn   | Place    | Note
-------+----------+-------------------------------------------
     0 | D:1      | qw the Spriggan Hunter began the quest for the Orb.
     0 | D:1      | Reached XP level 1. HP: 10/10 MP: 2/2
     0 | D:1      | 0 ||| qw: Version: 0.3-a-160-g6735b56
     0 | D:1      | 0 ||| qw: Game counter: 5366
     0 | D:1      | 0 ||| qw: Melee chars always use a shield: true
     0 | D:1      | 0 ||| qw: God list: Okawaru
     0 | D:1      | 0 ||| qw: Allow faded altars: false
     0 | D:1      | 0 ||| qw: Do Orc after clearing Dungeon:15 true
     0 | D:1      | 0 ||| qw: Do second Lair branch before Depths: true
     0 | D:1      | 0 ||| qw: Lair rune preference: random
     0 | D:1      | 0 ||| qw: Goals: Normal
     0 | D:1      | 0 ||| PLANNING D:1-11
   106 | D:1      | Reached skill level 3 in Dodging
   152 | D:1      | Found a faded altar of an unknown god.
   181 | D:1      | Reached XP level 2. HP: 9/14 MP: 3/3
   225 | D:1      | Reached skill level 4 in Dodging
   566 | D:1      | 566 ||| UPGRADING to +6 ring of dexterity.
   567 | D:1      | 567 ||| READING 3 scrolls labelled XAUZEP INGE.
   567 | D:1      | 567 ||| IDENTIFYING white potion
   568 | D:1      | 568 ||| READING 2 scrolls of identify.
   568 | D:1      | 568 ||| IDENTIFYING lumpy white potion
   569 | D:1      | 569 ||| READING scroll of identify.
   569 | D:1      | 569 ||| IDENTIFYING bubbling purple potion
   570 | D:1      | 570 ||| READING scroll labelled GUPLED MI VOD.
   571 | D:1      | 571 ||| READING scroll labelled ZIEBIU BUQUO.
   572 | D:1      | 572 ||| READING scroll labelled QUDEVI YHOC.
   573 | D:1      | 573 ||| READING scroll labelled XOOCUC UHEKUO.
   574 | D:1      | 574 ||| READING scroll labelled MIENEC GOXU.
   675 | D:1      | 675 ||| DROPPING scroll of butterflies.
   676 | D:1      | 676 ||| DROPPING potion of lignification.
   677 | D:1      | 677 ||| DROPPING scroll of immolation.
   814 | D:2      | Reached XP level 3. HP: 18/18 MP: 4/4
   817 | D:2      | Identified the +8 dagger "Rul Utiff" {protect, rCorr}
  1240 | D:2      | Reached skill level 5 in Dodging
  1309 | D:2      | 1309 ||| READING 2 scrolls labelled DOANYL WYAT.
  1310 | D:2      | 1310 ||| DROPPING scroll of fear.
  1386 | D:2      | 1386 ||| UPGRADING to scarf of repulsion.
  1572 | D:3      | Found a runed translucent gate.
  1572 | D:3      | Found a runed translucent gate.
  1572 | D:3      | Found a runed translucent gate.
  1575 | D:3      | Noticed qw's ghost (amateur SpHu)
  1575 | D:3      | Noticed qw's ghost (amateur DEHu)
  1577 | D:3      | Noticed qw's ghost (amateur DEHu)
  1791 | D:3      | 1791 ||| READING scroll labelled UKLOMOU LYLEUNT.
  1792 | D:3      | 1792 ||| DRINKING 2 brown potions.
  1793 | D:3      | 1793 ||| DROPPING potion of invisibility.
  1795 | D:3      | 1795 ||| Stepping ~*~*~tactically~*~*~ (cloud).
  1802 | D:3      | HP: 4/18 [poisoned by you (poison gas)]
  1944 | D:4      | 1944 ||| PLANNING OSSUARY
  2068 | D:4      | Found a transporter.
  2068 | D:4      | Noticed qw's ghost (amateur DEHu)
  2122 | D:4      | Found a shimmering altar of Xom.
  2125 | D:4      | Found a white marble altar of Elyvilon.
  2128 | D:4      | Found a bloodstained altar of Trog.
  2131 | D:4      | Found a hide-covered altar of Uskayaw.
  2241 | D:4      | Found a transporter.
  2244 | D:4      | Found Niopnol's Antique Armour Boutique.
  2249 | D:4      | 2249 ||| BUYING cloak (99 gold).
  2249 | D:4      | Bought a cloak for 99 gold pieces
  2299 | D:4      | Found a one-way gate to the infinite horrors of the Abyss.
  2305 | D:4      | Noticed a small abomination
  2308 | D:4      | Found Mydghoizai's Antique Armour Emporium.
  2326 | D:4      | Noticed a hornet
  2334 | D:4      | HP: 1/18 [hornet (15)]
  2335 | D:4      | 2335 ||| DRINKING potion of heal wounds.
  2337 | D:4      | Mangled by a hornet

Levels and vault maps discovered:
D:1:      eino_arrival_cavern_e, layout_rooms, hellmonk_ecumenical_altar_blasted
D:2:      layout_basic, kennysheep_potato
D:3:      layout_rooms, gammafunk_ghost_cemetery
D:4:      layout_gridville, grunt_temple_overflow_cloverleaf,
          nicolae_overflow_two_pavilions, nicolae_hepliaklqana_hippocampus,
          gammafunk_ghost_abyssal_escape, nicolae_ossuary_entry_false_entrances,
          serial_shops, nicolae_shop_rolling_square,
          nicolae_shop_hallway_stairs, nicolae_shop_trees

Skill      XL: |  1  2  3 |
---------------+----------+-----
Dodging        | 3 4 5 |  5.1
Fighting       | |  1.5
Ranged Weapons | |  4.4
Stealth        | |  1.5

Action                     || total
---------------------------++-------
   Fire: Shortbow          ||   105
    Use: Scroll            ||    10
         Potion            ||     2
 Armour: Robe              ||    17
  Dodge: Dodged            ||    51

Table legend:
 A = Non-vault XP
 B = Vault XP
 C = Vault XP percentage of total XP
 D = Non-vault monster count
 E = Vault monster count
 F = Vault count percentage of total count
                 A         B        C        D         E       F
            +---------+---------+-------+---------+---------+-------
      Total |      88 |       5 |   5.4 |      37 |       1 |   2.6
            +---------+---------+-------+---------+---------+-------
        D:1 |      30 |       0 |   0.0 |      16 |       0 |   0.0
        D:2 |      46 |       5 |   9.8 |      14 |       1 |   6.7
        D:3 |       9 |       0 |   0.0 |       5 |       0 |   0.0
        D:4 |       3 |       0 |   0.0 |       2 |       0 |   0.0
            +---------+---------+-------+---------+---------+-------
